 Dungeon Crawl Stone Soup version 0.29.1-15-g9cfb28693d (webtiles) character file.

Game seed: 18169183236471496895

29 xxxx123va the Chopper (level 3, 0/31 HPs)
             Began as a Minotaur Berserker on Apr 1, 2023.
             Was a Follower of Trog.
             Succumbed to an adder's poison
             ... on level 2 of the Dungeon.
             The game lasted 00:02:45 (994 turns).

xxxx123va the Chopper (Minotaur Berserker)           Turns: 994, Time: 00:02:45

Health: 0/31       AC:  3    Str: 23    XL:     3   Next: 1%
Magic:  2/2        EV: 11    Int:  4    God:    Trog [*.....]
Gold:   74         SH:  0    Dex:  9    Spells: 2/2 levels left

rFire   . . .      SeeInvis .   a - +0 hand axe
rCold   . . .      Faith    .   (no shield)
rNeg    . . .      Spirit   .   d - +0 leather armour
rPois   .          Reflect  .   (helmet restricted)
rElec   .          Harm     .   (no cloak)
rCorr   .          Rampage  .   (no gloves)
Will    .....                   (no boots)
Stlth   +.........              (no amulet)
HPRegen 0.10/turn               (no ring)
MPRegen 0.08/turn               (no ring)

@: lethally poisoned (0 -> -7)
A: horns 2, retaliatory headbutt
a: Renounce Religion, Berserk


You were on level 2 of the Dungeon.
You worshipped Trog.
Trog was aware of your devotion.
You visited 1 branch of the dungeon, and saw 2 of its levels.

You collected 74 gold pieces.

Inventory:

Hand Weapons
 a - a +0 hand axe (weapon)
Missiles
 c - 12 stones (quivered)
Armour
 d - a +0 leather armour (worn)
Scrolls
 b - a scroll of enchant weapon {unknown}
 g - a scroll of teleportation
Potions
 f - a potion of heal wounds


   Skills:
 - Level 3.6 Fighting
 + Level 5.0 Axes
 - Level 2.4 Armour
 - Level 2.1 Dodging
 + Level 0.2 Stealth


You had 2 spell levels left.
You didn't know any spells.
Your spell library was empty.

Dungeon Overview and Level Annotations

Branches:
Dungeon (2/15)

Altars:

Shops:
D:1 [


Innate Abilities, Weirdness & Mutations

You have a pair of horns on your head.
You reflexively headbutt those who attack you in melee.


Message History

You now have 74 gold pieces (gained 10).
b - a scroll labelled OCZUICLYROEN An orc comes into view.
It is wielding a +0 hand axe.
An adder comes into view.
You barely miss the orc. Your punch misses the orc. The orc misses you.
You closely miss the adder. You hit the orc. The adder bites you.
The orc hits you with a +0 hand axe.
You are too injured to fight recklessly!
You slash the adder!
The adder is severely wounded.
You hit the orc. The adder barely misses you. The orc barely misses you.
You miss the adder. Your headbutt misses the adder.
The adder is severely wounded.
You completely miss the orc. The adder bites you.
You are poisoned.
The adder poisons you! The adder bites you.
The orc hits you with a +0 hand axe.
You closely miss the adder.
The adder is heavily wounded.
You hit the orc.
You kill the orc!
Trog accepts your kill.
You feel sick. The adder bites you.
You have reached level 3!
Your experience leads to an increase in your attributes!
Increase (S)trength, (I)ntelligence, or (D)exterity?
You feel stronger. x2
You miss the adder.
The adder is heavily wounded.
You feel sick. The adder barely misses you. The adder bites you.
* * * LOW HITPOINT WARNING * * *
You are more poisoned.
The adder poisons you!
You closely miss the adder.
The adder is heavily wounded.
* * * LOW HITPOINT WARNING * * *
You feel sick. The adder bites you but does no damage.
You miss the adder.
The adder is heavily wounded.
You die...

#...#........####.
#...###........... 8
#..............### ..
#................. ...
#.######.........# ....
#................# 8...8
#..#######.#...#.#
......#..#######.#.....#
......)@................
.......S.#######.#..#.##
########.# .. ... .##.
.. .. .. ..


You could see an adder.

Vanquished Creatures
  A gnoll (D:1)
  An orc (D:2)
  3 bats (D:1)
  3 endoplasms (D:1)
  2 giant cockroaches (D:1)
  2 goblins (D:1)
  A hobgoblin (D:1)
  A ball python (D:1)
  2 rats (D:1)
16 creatures vanquished.

Notes
Turn   | Place    | Note
-------+----------+-------------------------------------------
     0 | D:1      | xxxx123va the Minotaur Berserker began the quest for the
                  | Orb.
     0 | D:1      | Reached XP level 1. HP: 19/19 MP: 0/0
    55 | D:1      | Reached skill level 4 in Axes
    55 | D:1      | Reached XP level 2. HP: 26/26 MP: 1/1
   410 | D:1      | Found Raheryzo's Antique Armour Emporium.
   596 | D:1      | Reached skill level 5 in Axes
   992 | D:2      | Reached XP level 3. HP: 10/31 MP: 2/2
   994 | D:2      | Succumbed to an adder's poison

Illustrated notes

Levels and vault maps discovered:
D:1:      dpeg_arrival_long_road, layout_basic, serial_shops,
          nicolae_shop_hallway_stairs
D:2:      cheibrodos_pilgrimage, layout_basic

Skill      XL: |  1  2 |
---------------+-------+-----
Axes           | 4 5 |  5.0
Fighting       | |  3.6
Armour         | |  2.4
Dodging        | |  2.1
Stealth        | |  0.2

Action                   || total
-------------------------++-------
Melee: Hand axe          ||    34
       Headbutt          ||     5
  Use: Scroll            ||     5
       Potion            ||     3
Armor: Leather armour    ||    10
Dodge: Dodged            ||    18
